 Dungeon Crawl Stone Soup version 0.32-a0-660-g97ce250973 (webtiles) character file.

Game seed: 11064053810248550189

81 Bamboolord the Digger (level 4, -8/35 HPs)
             Began as a Mountain Dwarf Earth Elementalist on Mar 9, 2024.
             Mangled by Crazy Yiuf
             ... wielding a +2 quarterstaff of chaos
              (11 damage)
             ... on level 2 of the Dungeon.
             The game lasted 00:05:14 (1764 turns).

Bamboolord the Digger (MDEE)                        Turns: 1764, Time: 00:05:14

Health: -8/35      AC:  4    Str: 10    XL:     4   Next: 20%
Magic:  1/7        EV: 11    Int: 18    God:
Gold:   169        SH:  0    Dex: 10    Spells: 4/8 levels left

rFire   + . .        a - +2 dagger (elec)
rCold   + . .        (no shield)
rNeg    . . .        c - +0 leather armour
rPois   +            h - +0 hat
rElec   +            (no cloak)
rCorr   +            (no gloves)
SInv    .            g - +0 pair of boots
Will    .....        n - amulet of regeneration
Stlth   +            l - ring of poison resistance
HPRegen 1.05/turn    (no ring)
MPRegen 0.10/turn

%: no passive effects
@: resistant
A: runic magic, artefact enchanting
a: no special abilities


You were on level 2 of the Dungeon.
You visited 1 branch of the dungeon, and saw 3 of its levels.

You collected 169 gold pieces.

Inventory:

Hand Weapons
 a - a +2 dagger of electrocution (weapon)
Missiles
 m - a throwing net
Armour
 c - a +0 leather armour (worn)
 g - a +0 pair of boots (worn)
 h - a +0 hat (worn)
Jewellery
 l - a ring of poison resistance (left hand)
 n - an amulet of regeneration (around neck)
Scrolls
 d - 2 scrolls of vulnerability
 e - a scroll of revelation {unknown}
 j - a scroll of enchant weapon {unknown}
 k - a scroll of enchant armour {unknown}
Potions
 b - a potion of magic
 f - a potion of attraction
 i - a potion of enlightenment
 o - a potion of resistance {unknown}


   Skills:
 + Level 1.0 Fighting
 + Level 1.3 Armour
 - Level 1.3 Dodging
 + Level 1.7 Stealth
 * Level 2.5 Spellcasting
 * Level 2.0 Conjurations
 + Level 3.5 Earth Magic


You had 4 spell levels left.
You knew the following spells:

 Your Spells              Type           Power      Damage    Failure   Level
a - Sandblast             Erth           30%        2d9       4%          1
b - Passwall              Erth           15%        N/A       13%         3

Your spell library contained the following spells:

 Spells                   Type           Power      Damage    Failure   Level
 Stone Arrow              Conj/Erth      24%        3d8       19%         3
 Gell's Gravitas          Tloc           2%         N/A       50%         3
 Teleport Other           Tloc           2%         N/A       50%         3
 Brom's Barrelling Bould  Conj/Erth      12%        2d4       52%         4
 Petrify                  Alch/Erth      8%         N/A       65%         4
 Dispersal                Tloc           1%         N/A       100%        6


Dungeon Overview and Level Annotations

Branches:
Dungeon (3/15)

Altars:
Uskayaw

Shops:
D:1 (*[=(

Annotations:
D:2 Crazy Yiuf


Innate Abilities, Weirdness & Mutations

Your spellcasting is much less encumbered by armour.
You can use scrolls of enchantment on lesser artefacts.


Message History

Aim: Crazy Yiuf, wielding a +2 quarterstaff of chaos and wearing a +0 cloak (heavily wounded, 84% to hit)
You miscast Sandblast.
You are very lightly contaminated with residual magic.
Nothing appears to happen.
Aiming: Sandblast (safe; 4% risk of failure)
Press: ? - help, Q - select action, (/) - cycle Shift-Dir - straight line, f/p - Crazy Yiuf
Aim: Crazy Yiuf, wielding a +2 quarterstaff of chaos and wearing a +0 cloak (heavily wounded, 84% to hit)
The blast of sand hits Crazy Yiuf but does no damage.
Crazy Yiuf is heavily wounded.
Crazy Yiuf hits you with a +2 quarterstaff of chaos!
You feel protected.
Aiming: Sandblast (safe; 4% risk of failure)
Press: ? - help, Q - select action, (/) - cycle Shift-Dir - straight line, f/p - Crazy Yiuf
Aim: Crazy Yiuf, wielding a +2 quarterstaff of chaos and wearing a +0 cloak (heavily wounded, 84% to hit)
The blast of sand hits Crazy Yiuf.
Crazy Yiuf is severely wounded.
Crazy Yiuf barely misses you.
Crazy Yiuf hits you with a +2 quarterstaff of chaos!
* * * LOW HITPOINT WARNING * * *
Aiming: Sandblast (safe; 4% risk of failure)
Press: ? - help, Q - select action, (/) - cycle Shift-Dir - straight line, f/p - Crazy Yiuf
Aim: Crazy Yiuf, wielding a +2 quarterstaff of chaos and wearing a +0 cloak (severely wounded, 84% to hit)
The blast of sand hits Crazy Yiuf.
Crazy Yiuf is almost dead.
Crazy Yiuf closely misses you.
Aiming: Sandblast (safe; 4% risk of failure)
Press: ? - help, Q - select action, (/) - cycle Shift-Dir - straight line, f/p - Crazy Yiuf
Aim: Crazy Yiuf, wielding a +2 quarterstaff of chaos and wearing a +0 cloak (almost dead, 84% to hit)
The blast of sand misses Crazy Yiuf.
Crazy Yiuf hits you with a +2 quarterstaff of chaos!
* * * LOW HITPOINT WARNING * * *
Crazy Yiuf barely misses you.
Your magical contamination has completely faded away.
Aiming: Sandblast (safe; 4% risk of failure)
Press: ? - help, Q - select action, (/) - cycle Shift-Dir - straight line, f/p - Crazy Yiuf
Aim: Crazy Yiuf, wielding a +2 quarterstaff of chaos and wearing a +0 cloak (almost dead, 84% to hit)
The blast of sand hits Crazy Yiuf.
Crazy Yiuf is almost dead.
Crazy Yiuf hits you with a +2 quarterstaff of chaos!
You die...

........#
#.......##.#.#
........# #.# #####
........# #.# #....
†.......# ##### #.#
#.### ........#
#..)# #.#####.#..
...[....# #...#
#.......#.#
######### ...
###........ #g#
#.#.###.# ♣♣@♣
#.#...#.# ♣.♣♣
#.#.#.#.# ♣♣.♣
#.....#.. ♣.♣♣
###.##### ♣♣.♣♣
#.#.... ♣.P.♣♣
#.#.### ♣P..P♣
#.#.#.# #....#
######.#.#[#
#....####........#..


You could see Crazy Yiuf.

Vanquished Creatures
  Jessica (D:2)
  An adder (D:2)
  2 dart slugs
  4 endoplasms
  3 giant cockroaches
  2 goblins (D:2)
  5 hobgoblins
  4 jackals (D:3)
  4 ball pythons (D:1)
  3 bats
  4 frilled lizards
  5 kobolds
  2 rats (D:1)
40 creatures vanquished.

Notes
Turn   | Place    | Note
-------+----------+-------------------------------------------
     0 | D:1      | Bamboolord the Mountain Dwarf Earth Elementalist began the
                  | quest for the Orb.
     0 | D:1      | Reached XP level 1. HP: 14/14 MP: 3/3
    73 | D:1      | Reached skill level 1 in Conjurations
   113 | D:1      | Found Anuoh's Assorted Antiques.
   113 | D:1      | Found Qyillub's Armour Shoppe.
   164 | D:1      | Found Nomumo's Weapon Shoppe.
   221 | D:1      | Found a faded altar of an unknown god.
   253 | D:1      | Reached XP level 2. HP: 17/20 MP: 0/5
   345 | D:1      | Found Nuosuwn's Jewellery Boutique.
   660 | D:1      | Found Soatuah's Antique Weapon Boutique.
  1025 | D:2      | Reached XP level 3. HP: 27/27 MP: 3/6
  1036 | D:2      | Learned a level 3 spell: Passwall
  1059 | D:2      | You fall into a shaft and drop 1 floor!
  1094 | D:3      | Found a hide-covered altar of Uskayaw.
  1101 | D:3      | Reached skill level 1 in Armour
  1302 | D:2      | Noticed Jessica
  1309 | D:2      | Killed Jessica
  1310 | D:2      | Reached skill level 1 in Fighting
  1310 | D:2      | Reached XP level 4. HP: 5/35 MP: 1/7
  1753 | D:2      | Found a runed translucent door.
  1754 | D:2      | Noticed Crazy Yiuf
  1764 | D:2      | Mangled by Crazy Yiuf

Illustrated notes

Levels and vault maps discovered:
D:1:      eino_arrival_cavern_c, layout_loops_ring, serial_shops,
          nicolae_shop_trees, shop, nicolae_shop_tiny_glass,
          nicolae_shop_bloodbath_and_beyond, shop,
          dreamdust_ecumenical_altar_grove
D:2:      layout_basic, serial_shops, nicolae_shop_statue_plus,
          uniq_crazy_yiuf_cottage, uniq_jessica
D:3:      minmay_inner_zag, layout_basic, mainiacjoe_overflow_large_starburst,
          serial_glass, glass_columns_b, glass_columns_a, glass_columns_a,
          glass_columns_a, glass_columns_a, glass_columns_c,
          due_unseen_surprise, minmay_strange_pillars, item_on_display_b,
          minmay_strange_pillars

Skill      XL: |  1  2  3  4 |
---------------+-------------+-----
Conjurations   | 1 2 |  2.0
Spellcasting   | 2 |  2.5
Armour         | 1 |  1.3
Fighting       | 1 |  1.0
Dodging        | |  1.3
Stealth        | |  1.7
Earth Magic    | |  3.5

Action                     |  1- 3 |  4- 6 || total
---------------------------+-------+-------++-------
  Melee: Dagger            |    21 |     3 ||    24
   Cast: Sandblast         |    51 |    14 ||    65
         Passwall          |     1 |       ||     1
    Use: Potion            |     1 |       ||     1
         Scroll            |     4 |       ||     4
 Armour: Leather armour    |    33 |     8 ||    41
  Dodge: Dodged            |    23 |     8 ||    31

Table legend: (Time is in decaauts)
 A = Elapsed time spent in this place.
 B = Non-inter-level travel time spent in this place.
 C = Inter-level travel time spent in this place.
 D = Time resting spent in this place.
 E = Time spent auto-exploring this place.
 F = Levels seen in this place.
 G = Mean time per level.
                   A        B        C        D        E       F      G
               +--------+--------+--------+--------+--------+-----+--------+
         Total |   1794 |   1755 |     39 |      2 |   1343 |   3 |  598.0 |
       Dungeon |   1794 |   1755 |     39 |      2 |   1343 |   3 |  598.0 |
               +--------+--------+--------+--------+--------+-----+--------+

Top non-repeatable levels by time:
     D:1: 914 daAuts
     D:2: 709 daAuts
     D:3: 171 daAuts
